 Dungeon Crawl Stone Soup version 0.32-a0-711-g016ad743e0 (webtiles) character file.

Game seed: 10341149246714730320

140 Griffin23 the Covered (level 5, -2/47 HPs)
             Began as a Minotaur Fighter on Mar 16, 2024.
             Killed by nerve-wracking pain
             ... invoked by an orc priest
              (4 damage)
             ... on level 3 of the Dungeon.
             The game lasted 00:02:21 (1514 turns).

Griffin23 the Covered (Minotaur Fighter)            Turns: 1514, Time: 00:02:22

Health: -2/47      AC:  8    Str: 23    XL:     5   Next: 2%
Magic:  4/4        EV:  8    Int:  5    God:
Gold:   106        SH:  4    Dex:  9    Spells: 4/4 levels left

rFire   . . .        a - +0 long sword
rCold   . . .        c - +0 buckler
rNeg    . . .        b - +0 scale mail
rPois   .            (helmet restricted)
rElec   .            l - +0 cloak
rCorr   .            (no gloves)
SInv    .            (no boots)
Will    +....        (no amulet) Stlth
                     (no ring)
HPRegen 0.27/turn    (no ring)
MPRegen 0.09/turn

%: no passive effects
@: brilliant, enlightened, flying
A: horns 2, retaliatory headbutt
a: Convert to Beogh


You were on level 3 of the Dungeon.
You visited 1 branch of the dungeon, and saw 3 of its levels.

You collected 106 gold pieces.

Inventory:

Hand Weapons
 a - a +0 long sword (weapon)
Armour
 b - a +0 scale mail (worn)
 c - a +0 buckler (worn)
 l - a +0 cloak (worn)
Jewellery
 e - a +5 ring of evasion
 m - an amulet of faith
Scrolls
 g - a scroll of fog {unknown}
 h - 2 scrolls of amnesia {unknown}
 i - a scroll of teleportation {unknown}
 k - a scroll of silence {unknown}
 o - a scroll of identify {unknown}
Potions
 d - a potion of might
 f - a potion of enlightenment
 j - a potion of lignification {unknown}
 n - a potion of brilliance


   Skills:
 + Level 4.5 Fighting
 * Level 4.1 Long Blades
 + Level 4.6 Armour
 + Level 4.5 Shields


You had 4 spell levels left.
You didn't know any spells.
Your spell library contained the following spells:

 Spells                   Type           Power      Damage    Failure   Level
 Fugue of the Fallen      Necr           0%         N/A       99%         3
 Ozocubu's Armour         Ice            0%         N/A       99%         3
 Manifold Assault         Tloc           0%         N/A       100%        4


Dungeon Overview and Level Annotations

Branches:
Dungeon (3/15)

Altars:

Shops:
D:2 (:


Innate Abilities, Weirdness & Mutations

You have a pair of horns on your head.
You reflexively headbutt those who attack you in melee.


Message History

The magic dart hits you but does no damage.
Something hits you but does no damage.
You feel less confused. Something hits you but does no damage.
You closely miss something. You headbutt something.
Something hits you but does no damage.
You hit something. The orc priest closely misses you.
Something hits you but does no damage.
You barely miss the orc priest. You headbutt the orc priest!
The orc priest is severely wounded.
The orc priest shouts, "The Pantheon deserves no one's loyalty.
Let us show you the true path!"
The orc priest hits you but does no damage.
Something hits you.
You barely miss the orc priest.
You headbutt the orc priest, but do no damage.
The orc priest is severely wounded.
The orc priest hits you with a +0 flail.
Something hits you.
The orc priest calls down the wrath of Beogh upon you.
Pain shoots through your body!
* * * LOW HITPOINT WARNING * * *
You hit the orc priest. Your headbutt misses the orc priest.
The orc priest is severely wounded.
You hear some strange, mumbled words.
A magic dart appears from out of thin air!
The magic dart hits you.
* * * LOW HITPOINT WARNING * * *
The orc priest looks braver for a moment.
Something hits you.
* * * LOW HITPOINT WARNING * * *
It was a potion of enlightenment.
You feel very buoyant.
You fly up into the air.
The orc priest begins to cast a cantrip, but forgets the words!
Something hits you but does no damage.
It was a potion of brilliance.
You feel clever all of a sudden.
The orc priest calls down the wrath of Beogh upon you.
Pain shoots through your body!
You die...

#.........######.#
###.....### #.# ##...## #.#
#...# #.# ##.## #######.###
#. #.......).## ##+#
#.##.......#
##...###.##.##o#).#
##.....##.##.##@#..#
##.......#.##..{.#..#
#..........##....#..########
+...........................
#.......).####.....#########
#.......## ##.##.# ##.....##
####.# ##...## #.# ##'## #.#


You could see an orc priest.

Vanquished Creatures
  A phantom (D:2)
  An adder (D:3)
  A gnoll (D:1)
  A ribbon worm (D:2)
  A dart slug (D:1)
  3 orcs (D:3)
  2 ball pythons
  4 endoplasms (D:1)
  A giant cockroach (D:1)
  4 goblins (D:2)
  2 hobgoblins (D:1)
  2 bats
  3 frilled lizards (D:1)
  7 kobolds
  5 rats
38 creatures vanquished.

Notes
Turn   | Place    | Note
-------+----------+-------------------------------------------
     0 | D:1      | Griffin23 the Minotaur Fighter began the quest for the Orb.
     0 | D:1      | Reached XP level 1. HP: 19/19 MP: 0/0
    77 | D:1      | Reached XP level 2. HP: 27/27 MP: 1/1
   367 | D:1      | Found a faded altar of an unknown god.
   386 | D:1      | Reached XP level 3. HP: 33/33 MP: 2/2
   723 | D:2      | Found Wixya's Vocational Training.
   836 | D:2      | Found Suecael's Antique Weapon Shoppe.
   986 | D:2      | Noticed a phantom
   998 | D:2      | Killed a phantom
   999 | D:2      | Reached XP level 4. HP: 40/41 MP: 3/3
  1491 | D:3      | Reached XP level 5. HP: 47/47 MP: 4/4
  1512 | D:3      | HP: 2/47 [something (3)]
  1514 | D:3      | Killed from afar by an orc priest

Illustrated notes

Levels and vault maps discovered:
D:1:      tarquinn_simple_flora_water_b, layout_rooms,
          shapermc_ecumenical_altar_gd, st_stairs_9, bh_walls_and_bars
D:2:      layout_basic, serial_shops, shop, nicolae_shop_vocational
D:3:      layout_loops_corners, makhleb_altar_promises_db

Skill      XL: |  1  2  3  4 |
---------------+-------------+-----
Fighting       | 4 |  4.5
Armour         | 4 |  4.6
Shields        | 4 |  4.5
Long Blades    | 3 4 |  4.1

Action                     |  1- 3 |  4- 6 || total
---------------------------+-------+-------++-------
  Melee: Long sword        |   102 |    39 ||   141
         Headbutt          |    11 |     4 ||    15
    Use: Potion            |       |     2 ||     2
 Armour: Scale mail        |    85 |    42 ||   127
  Dodge: Dodged            |    34 |    12 ||    46
  Block: Buckler           |    29 |     5 ||    34

Table legend: (Time is in decaauts)
 A = Elapsed time spent in this place.
 B = Non-inter-level travel time spent in this place.
 C = Inter-level travel time spent in this place.
 D = Time resting spent in this place.
 E = Time spent auto-exploring this place.
 F = Levels seen in this place.
 G = Mean time per level.
                   A        B        C        D        E       F      G
               +--------+--------+--------+--------+--------+-----+--------+
         Total |   1551 |   1494 |     57 |      0 |   1162 |   3 |  517.0 |
       Dungeon |   1551 |   1494 |     57 |      0 |   1162 |   3 |  517.0 |
               +--------+--------+--------+--------+--------+-----+--------+

Top non-repeatable levels by time:
     D:2: 682 daAuts
     D:1: 622 daAuts
     D:3: 247 daAuts
